 Dungeon Crawl Stone Soup version 0.29-a0-321-gf1c400731a (webtiles) character file.

Game seed: 2426023077530183275

54 Murumi the Bolt Thrower (level 4, 0/28 HPs)
             Began as a Kobold Hunter on Apr 3, 2022.
             Slain by a gnoll
             ... wielding a +0 spear
              (6 damage)
             ... on level 2 of the Dungeon.
             The game lasted 00:04:15 (1234 turns).

Murumi the Bolt Thrower (Kobold Hunter)             Turns: 1234, Time: 00:04:17

Health: 0/28       AC:  3    Str:  8    XL:     4   Next: 12%
Magic:  4/4        EV: 16    Int: 10    God:
Gold:   80         SH:  0    Dex: 26    Spells: 3/3 levels left

rFire   . . .      SeeInvis .   f - +2 hand crossbow
rCold   . . .      Faith    .   (no shield)
rNeg    . . .      Spirit   .   b - +0 leather armour
rPois   .          Reflect  .   (no helmet)
rElec   .          Harm     .   (no cloak)
rCorr   .          Rampage  .   (no gloves)
Will    .....                   (no boots)
Stlth   ++++......              (no amulet)
HPRegen 0.09/turn               g - +6 ring of dexterity
MPRegen 0.09/turn               (no ring)

@: no status effects
A: small, no large weapons, nightstalker 3
a: no special abilities


You were on level 2 of the Dungeon.
You visited 1 branch of the dungeon, and saw 2 of its levels.

You collected 80 gold pieces.

Inventory:

Hand Weapons
 a - a +0 rapier
 f - a +2 hand crossbow (weapon)
Armour
 b - a +0 leather armour (worn)
Jewellery
 g - a +6 ring of dexterity (left hand)
Scrolls
 c - a scroll of immolation
Potions
 d - a potion of curing {unknown}
 h - a potion of cancellation


   Skills:
 - Level 3.0 Fighting
 - Level 6.0 Crossbows
 - Level 3.0 Dodging
 + Level 2.8 Stealth


You had 3 spell levels left.
You didn't know any spells.
Your spell library contained the following spells:

 Spells                   Type           Power      Damage    Failure   Level
 Ensorcelled Hibernation  Hex/Ice        0%         N/A       63%         2
 Spider Form              Tmut/Pois      0%         N/A       86%         3
 Anguish                  Hex/Necr       0%         N/A       99%         4


Dungeon Overview and Level Annotations

Branches:
Dungeon (2/15)

Altars:


Innate Abilities, Weirdness & Mutations

You are small and have problems with some larger weapons.
You are completely attuned to the shadows.


Message History

You hit the gnoll.
The gnoll is severely wounded.
The gnoll barely misses you. The gnoll completely misses you.
You closely miss the gnoll.
The gnoll is severely wounded.
The gnoll closely misses you. The gnoll misses you.
You puncture the gnoll!
You kill the gnoll!
The gnoll hits you from afar with a +0 halberd!
Training target 3.0 for Fighting reached!
Your Fighting skill increases to level 3!
You need to enable at least one skill for training.
The gnoll misses you. The gnoll closely misses you.
Things that are here:
a +0 club; a throwing net; a gnoll corpse
f - a +2 hand crossbow (weapon)
The gnoll hits you with a +0 halberd!
* * * LOW HITPOINT WARNING * * *
The gnoll hits you from afar with a +0 spear.
* * * LOW HITPOINT WARNING * * *
The gnoll attacks as you move away! The gnoll closely misses you. x2
You are too injured to fight recklessly!
Shoot: f) +2 hand crossbow
Press: ? - help, Q - select action Shift-Dir - straight line, f - gnoll
Aim: a gnoll, wielding a +0 spear (74% to hit)
You shoot a bolt. The bolt hits the gnoll.
The gnoll is almost dead.
The gnoll completely misses you.
Shoot: f) +2 hand crossbow
Press: ? - help, Q - select action Shift-Dir - straight line, f - gnoll, p - gnoll
Aim: a gnoll, wielding a +0 halberd (almost dead, 74% to hit)
You shoot a bolt. The bolt hits the gnoll!
You kill the gnoll!
You have reached level 4!
Shoot: f) +2 hand crossbow
Press: ? - help, Q - select action Shift-Dir - straight line, f - gnoll
Aim: a gnoll, wielding a +0 spear (74% to hit)
You shoot a bolt. The bolt completely misses the gnoll.
The gnoll hits you from afar with a +0 spear.
You die...

....
#...#
##.#
#.### .
#.# #.#
#.# #.#
#.#
#.#####.#
.>..g)@.#
#.#######


You could see a gnoll.

Vanquished Creatures
  2 gnolls (D:2)
  2 dart slugs (D:1)
  2 bats (D:1)
  An endoplasm (D:1)
  3 giant cockroaches (D:1)
  4 goblins
  4 hobgoblins
  2 jackals (D:1)
  3 kobolds
  A quokka (D:1)
  2 ball pythons (D:1)
  2 rats (D:1)
28 creatures vanquished.

Notes
Turn   | Place    | Note
-------+----------+-------------------------------------------
     0 | D:1      | Murumi the Kobold Hunter began the quest for the Orb.
     0 | D:1      | Reached XP level 1. HP: 12/12 MP: 1/1
   174 | D:1      | Reached XP level 2. HP: 17/17 MP: 2/2
   194 | D:1      | Found a faded altar of an unknown god.
   471 | D:1      | Reached skill level 6 in Crossbows
   641 | D:1      | Reached XP level 3. HP: 21/21 MP: 3/3
  1234 | D:2      | Reached XP level 4. HP: 5/28 MP: 4/4
  1234 | D:2      | Slain by a gnoll

Illustrated notes

Levels and vault maps discovered:
D:1:      zelgadis_glass_arrival_small, layout_basic,
          dreamdust_ecumenical_altar_angels_and_demons, minmay_door_square
D:2:      layout_loops_cross, basic_altar

Skill      XL: |  1  2  3 |
---------------+----------+-----
Dodging        | 3 |  3.0
Crossbows      | 6 |  6.0
Stealth        | 2 |  2.8
Fighting       | 3 |  3.0

Action                   |  1- 3 |  4- 6 || total
-------------------------+-------+-------++-------
Melee: Rapier            |    10 |       ||    10
 Fire: Hand crossbow     |    70 |     1 ||    71
  Use: Scroll            |     7 |       ||     7
Armor: Leather armour    |     9 |       ||     9
Dodge: Dodged            |    51 |       ||    51

Table legend: (Time is in decaauts)
 A = Elapsed time spent in this place.
 B = Non-inter-level travel time spent in this place.
 C = Inter-level travel time spent in this place.
 D = Time resting spent in this place.
 E = Time spent auto-exploring this place.
 F = Levels seen in this place.
 G = Mean time per level.
                   A        B        C        D        E       F      G
               +--------+--------+--------+--------+--------+-----+--------+
         Total |   1253 |   1111 |    142 |      0 |    929 |   2 |  626.5 |
       Dungeon |   1253 |   1111 |    142 |      0 |    929 |   2 |  626.5 |
               +--------+--------+--------+--------+--------+-----+--------+

Top non-repeatable levels by time:
     D:1: 1109 daAuts
     D:2: 143 daAuts
